 Dungeon Crawl Stone Soup version 0.31-a0-479-g91c9547826 (webtiles) character file.

Game seed: 7173076928550578872

3080 Ethylacetat the Cleaver (level 9, 0/49 HPs)
             Began as a Vine Stalker Monk on Aug 7, 2023.
             Was an Initiate of Gozag.
             Slain by a centaur (1 damage)
             ... on level 7 of the Dungeon.
             The game lasted 00:10:18 (4321 turns).

Ethylacetat the Cleaver (Vine Stalker Monk)         Turns: 4321, Time: 00:10:18

Health: 0/49       AC: -5    Str: 18    XL:     9   Next: 89%
Magic:  0/19       EV: 11    Int: 10    God:    Gozag
Gold:   875        SH:  0    Dex: 17    Spells: 21/21 levels left

rFire   . . .        s - +4 hand axe
rCold   . . .        d - orb {light}
rNeg    . . .        j - +0 plate armour
rPois   .            u - +1 hat
rElec   .            (no cloak)
rCorr   .            (no gloves)
SInv    .            (no boots)
Will    +....        r - amulet of regeneration Stlth
                     f - +5 ring of evasion
HPRegen 1.88/turn    (no ring)
MPRegen 0.16/turn

%: guardian spirit
@: confused, ambrosia-drunk, corroded, gold aura, glowing
A: fangs 3, regeneration 1, magic shield, antimagic bite, no potion heal 2
a: Renounce Religion, Potion Petition, Call Merchant, Bribe Branch


You were on level 7 of the Dungeon.
You worshipped Gozag.
Gozag was pleased with you.
You visited 2 branches of the dungeon, and saw 8 of its levels.

You collected 952 gold pieces.
You spent 77 gold pieces at shops.

Inventory:

Hand Weapons
 s - a +4 hand axe (weapon)
Missiles
 y - a throwing net
Armour
 d - an orb of light (worn)
 j - a +0 plate armour (worn)
 t - a +2 robe of willpower
 u - a +1 hat (worn)
 z - an orb of mayhem
 C - a +2 leather armour of cold resistance
Jewellery
 f - a +5 ring of evasion (left hand)
 r - an amulet of regeneration (around neck)
Wands
 A - a wand of iceblast (19)
Scrolls
 b - 2 scrolls of revelation {unknown}
 g - a scroll of immolation {unknown}
 i - a scroll of blinking {unknown}
 k - 2 scrolls of fog {unknown}
 m - 2 scrolls of teleportation
 n - 8 scrolls of identify
 o - a scroll of vulnerability {unknown}
 x - 2 scrolls of amnesia {unknown}
Potions
 a - a potion of berserk rage {unknown}
 c - a potion of lignification {unknown}
 e - 3 potions of might {unknown}
 h - 3 potions of curing {unknown}
 l - a potion of haste {unknown}
 p - 2 potions of mutation {unknown}
 q - a potion of enlightenment {unknown}
 w - a potion of invisibility {unknown}
 B - a potion of attraction {unknown}


   Skills:
 + Level 6.7 Fighting
 * Level 9.2 Axes
 - Level 2.4 Dodging
 + Level 6.5 Spellcasting


You had 21 spell levels left.
You didn't know any spells.
Your spell library contained the following spells:

 Spells                   Type           Power      Damage    Failure   Level
 Apportation              Tloc           6%         N/A       100%        1
 Freeze                   Ice            12%        1d3       100%        1
 Necrotise                Necr           12%        1d4       100%        1
 Summon Small Mammal      Summ           12%        N/A       100%        1
 Cigotuvi's Dreadful Rot  Necr/Pois/Air  6%         N/A       100%        2
 Ensorcelled Hibernation  Hex/Ice        6%         N/A       100%        2
 Passwall                 Tmut/Erth      2%         N/A       100%        2
 Frozen Ramparts          Ice            6%         1d1       100%        3
 Hailstorm                Conj/Ice       3%         3d3       100%        3
 Swiftness                Air            3%         N/A       100%        3
 Dispel Undead            Necr           3%         3d7       100%        4
 Death Channel            Necr           1%         N/A       100%        6


Dungeon Overview and Level Annotations

Branches:
Dungeon (7/15)             Temple (1/1) D:5

Altars:
Ashenzari
Cheibriados
Dithmenos
Elyvilon
Fedhas
Gozag
Hepliaklqana
Kikubaaqudgha
Nemelex Xobeh
Okawaru
Qazlal
Ru
Sif Muna
Trog
Uskayaw
Vehumet
Xom
Yredelemnul
Zin
The Shining One

Shops:
D:1 *!=   D:3 ?


Innate Abilities, Weirdness & Mutations

You have razor-sharp teeth.
Your natural rate of healing is unusually fast.
When hurt, damage is shared between your health and your magic reserves.
Your bite disrupts and absorbs the magic of your enemies.
Potions cannot restore your health.


Message History

The jelly hits you. The acid corrodes you!
You are splashed with acid!
Unknown command.
You hit the centaur.
The centaur is lightly wounded.
You hit the jelly but do no damage.
Your hands burn!
You hit the iguana but do no damage.
The centaur unwields a +0 shortbow.
The centaur hits you. The centaur barely misses you. The jelly misses you.
The iguana bites you.
Unknown command.
You barely miss the centaur. You bite the centaur. You drain its power.
You feel invigorated.
The centaur is lightly wounded.
You hit the iguana but do no damage. You hit the jelly but do no damage.
Your hands burn!
The centaur hits you. The centaur kicks you. The jelly hits you.
You are splashed with acid!
The iguana bites you!
* * * LOW HITPOINT WARNING * * *
Okay, then.
You hit the jelly but do no damage.
Your hands burn!
* * * LOW HITPOINT WARNING * * *
You bite the jelly, but do no damage.
The jelly is almost dead.
You hit the centaur but do no damage. You hit the iguana but do no damage.
The centaur hits you.
* * * LOW HITPOINT WARNING * * *
The centaur kicks you.
* * * LOW HITPOINT WARNING * * *
The jelly is distracted by your dazzling golden aura.
The iguana barely misses you. The centaur hits you.
* * * LOW HITPOINT WARNING * * *
The centaur kicks you.
* * * LOW HITPOINT WARNING * * *
The jelly quivers.
Okay, then.
Okay, then.
You are confused.
Your system rejects the healing.
You feel invigorated. The centaur hits you.
* * * LOW HITPOINT WARNING * * *
The centaur kicks you.
You die...
Your body crumbles into a pile of gold.

#.....)................
#.....)...........<....
#......................
#.............########'
#######.#####'# #.
#../.......... #.
#...$.......... #.
#............... #.
##..@.......#### ##
#.lJc.####.# #.....# #
#....... #.....###
#.....# #.....# ......#
####


You could see a centaur, an iguana and a jelly.

Vanquished Creatures
  Grinder (D:3)
  Eustachio (D:5)
  A steam dragon (D:7)
  A yak (D:7)
  Menkaure (D:5)
  5 ogres (D:5)
  2 sky beasts
  A phantom (D:7)
  Blork the orc (D:5)
  3 bullfrogs (D:6)
  3 scorpions
  3 wights (D:7)
  2 gnoll sergeants (D:7)
  An electric eel (D:7)
  3 howler monkeys
  4 jellies
  A gnoll bouda (D:4)
  An orc priest (D:3)
  3 hounds
  3 sleepcaps
  Terence (D:2)
  6 iguanas
  An orc wizard (D:7)
  11 gnolls
  2 adders
  A shadow imp (D:6)
  3 white imps
  3 ufetubi
  3 worms
  4 dart slugs
  7 orcs
  4 ball pythons
  9 endoplasms
  9 goblins
  7 hobgoblins
  7 jackals
  A quokka (D:1)
  4 bats
  4 frilled lizards (D:2)
  4 kobolds
  3 rats
135 creatures vanquished.

Notes
Turn   | Place    | Note
-------+----------+-------------------------------------------
     0 | D:1      | Ethylacetat the Vine Stalker Monk began the quest for the
                  | Orb.
     0 | D:1      | Reached XP level 1. HP: 11/11 MP: 2/2
   132 | D:1      | Reached XP level 2. HP: 16/16 MP: 3/3
   135 | D:1      | Reached skill level 3 in Axes
   269 | D:1      | Reached skill level 1 in Spellcasting
   307 | D:1      | Reached XP level 3. HP: 19/20 MP: 2/5
   352 | D:1      | Found Pecodoasu's General Store.
   356 | D:1      | Found Nading's Jewellery Shop.
   367 | D:1      | Found Quevve's Distillery.
   387 | D:1      | Bought a potion of degeneration for 12 gold pieces
   702 | D:2      | Noticed Terence
   725 | D:2      | Killed Terence
   726 | D:2      | Gained mutation: Your natural rate of healing is unusually
                  | fast. [Vine Stalker growth]
   726 | D:2      | Reached XP level 4. HP: 19/24 MP: 5/7
  1333 | D:3      | Reached skill level 4 in Axes
  1339 | D:3      | Reached XP level 5. HP: 23/28 MP: 4/9
  1518 | D:3      | Found Wauheo's Magic Scroll Emporium.
  1523 | D:3      | Bought a scroll of teleportation for 39 gold pieces
  1523 | D:3      | Bought a scroll of identify for 26 gold pieces
  1726 | D:3      | Noticed Grinder
  1743 | D:3      | Killed Grinder
  1744 | D:3      | Reached skill level 5 in Axes
  1744 | D:3      | Reached XP level 6. HP: 17/33 MP: 6/11
  2053 | D:4      | Reached XP level 7. HP: 35/37 MP: 10/12
  2358 | D:5      | Entered Level 5 of the Dungeon
  2358 | D:5      | Noticed Menkaure
  2365 | D:5      | Killed Menkaure
  2471 | D:5      | Reached skill level 6 in Axes
  2524 | D:5      | Gained mutation: You have razor-sharp teeth. [Vine Stalker
                  | growth]
  2524 | D:5      | Reached XP level 8. HP: 35/42 MP: 10/15
  2664 | D:5      | Noticed Blork the orc
  2765 | D:5      | Found a staircase to the Ecumenical Temple.
  2788 | D:5      | Noticed Eustachio
  2800 | D:5      | Killed Blork the orc
  2801 | D:5      | Reached skill level 5 in Fighting
  2804 | D:5      | Killed Eustachio
  2839 | Temple   | Entered the Ecumenical Temple
  2848 | Temple   | Became a worshipper of Gozag Ym Sagoz the Greedy
  2914 | D:5      | Reached skill level 7 in Axes
  3013 | D:5      | Reached skill level 5 in Spellcasting
  3178 | D:6      | Found a shadowy altar of Dithmenos.
  3199 | D:6      | Reached XP level 9. HP: 48/48 MP: 17/17
  3261 | D:6      | Reached skill level 8 in Axes
  3861 | D:7      | Found a hide-covered altar of Uskayaw.
  4037 | D:7      | Found a stormy altar of Qazlal.
  4053 | D:7      | Reached skill level 9 in Axes
  4320 | D:7      | HP: 2/49 [centaur (2)]
  4321 | D:7      | Slain by a centaur

Illustrated notes

Levels and vault maps discovered:
D:1:      lightli_arrival_farm, layout_rooms, serial_shops, shop, shop,
          nicolae_shop_hallway_stairs
D:2:      layout_basic, minmay_hedge_maze, minmay_pentomino_r4, uniq_terence
D:3:      layout_basic, serial_shops, shop, uniq_grinder
D:4:      layout_rooms
D:5:      layout_rooms, minmay_temple_entry_sparse_star, uniq_eustachio,
          uniq_blork_the_orc, uniq_menkaure
D:6:      layout_cave_pools, kennysheep_mini_moat
D:7:      layout_basic, hangedman_feature_mirror, kennysheep_path_1,
          nicolae_zen_rock_garden
Temple:   mainiacjoe_temple_coin_purse

Skill      XL: |  1  2  3  4  5  6  7  8  9 |
---------------+----------------------------+-----
Axes           | 3 4 5 6 7 9 |  9.2
Spellcasting   | 1 2 3 4 5 6 |  6.5
Fighting       | 3 4 5 6 |  6.7
Dodging        | |  2.4

Action                     |  1- 3 |  4- 6 |  7- 9 || total
---------------------------+-------+-------+-------++-------
  Melee: Hand axe          |    64 |   117 |   176 ||   357
         Bite              |    24 |    43 |   105 ||   172
         Whip              |       |       |    53 ||    53
    Use: Potion            |       |       |     2 ||     2
 Armour: Robe              |     6 |       |       ||     6
         Plate armour      |       |    52 |    94 ||   146
  Dodge: Dodged            |    57 |    50 |   149 ||   256

Table legend: (Time is in decaauts)
 A = Elapsed time spent in this place.
 B = Non-inter-level travel time spent in this place.
 C = Inter-level travel time spent in this place.
 D = Time resting spent in this place.
 E = Time spent auto-exploring this place.
 F = Levels seen in this place.
 G = Mean time per level.
                   A        B        C        D        E       F      G
               +--------+--------+--------+--------+--------+-----+--------+
         Total |   4337 |   4191 |    146 |     65 |   3155 |   8 |  542.1 |
       Dungeon |   4318 |   4180 |    138 |     65 |   3155 |   7 |  616.9 |
        Temple |     18 |     10 |      8 |      0 |      0 |   1 |   18.0 |
               +--------+--------+--------+--------+--------+-----+--------+

Top non-repeatable levels by time:
     D:1: 685 daAuts
     D:5: 673 daAuts
     D:3: 658 daAuts
     D:2: 652 daAuts
     D:6: 631 daAuts
     D:7: 534 daAuts
     D:4: 483 daAuts
  Temple: 18 daAuts
